 Dungeon Crawl Stone Soup version 0.30-a0-782-ge64f9170bb (webtiles) character file.

Game seed: 13032665882734098407

50 IndexError the Shooter (level 3, -7/23 HPs)
             Began as a Gargoyle Hunter on Mar 1, 2023.
             Mangled by an ogre
             ... wielding a +0 giant club
              (30 damage)
             ... on level 2 of the Dungeon.
             The game lasted 00:02:49 (941 turns).

IndexError the Shooter (Gargoyle Hunter)             Turns: 941, Time: 00:02:49

Health: -7/23      AC:  6    Str: 14    XL:     3   Next: 79%
Magic:  3/3        EV: 11    Int:  9    God:
Gold:   125        SH:  0    Dex: 15    Spells: 2/2 levels left

rFire   . . .      SeeInvis .    a - +0 shortbow
rCold   . . .      Faith    .    (shield currently unavailable)
rNeg    + . .      Spirit   .    c - +0 leather armour
rPois   ∞          Reflect  .    (no helmet)
rElec   +          Harm     .    (no cloak)
rCorr   .          Rampage  .    (no gloves)
Will    .....                    (no boots)
Stlth   ++                       (no amulet)
HPRegen 0.23/turn                (no ring)
MPRegen 0.08/turn                (no ring)

@: no status effects
A: sickness immunity, AC +3, negative energy resistance 1, electricity
resistance, torment resistance 1, petrification resistance
a: no special abilities


You were on level 2 of the Dungeon.
You visited 1 branch of the dungeon, and saw 2 of its levels.

You collected 125 gold pieces.

Inventory:

Hand Weapons
 a - a +0 shortbow (weapon)
Armour
 c - a +0 leather armour (worn)
 g - a +0 plate armour
   (You found it on level 1 of the Dungeon)
 i - a +0 robe
   (You found it on level 1 of the Dungeon)
 m - a +0 chain mail
   (You found it on level 1 of the Dungeon)
 o - a +0 scale mail
   (You found it on level 2 of the Dungeon)
Scrolls
 b - a scroll of immolation {!r}
 e - 4 scrolls of identify {unknown}
 f - a scroll of blinking {unknown}
 n - 2 scrolls of torment {unknown}
 p - a scroll of amnesia {unknown}
Potions
 d - a potion of attraction {unknown}
 h - a potion of curing {unknown}
 j - a potion of haste {unknown}
 k - a potion of brilliance {unknown}
 l - a potion of degeneration {unknown}


   Skills:
 + Level 3.0 Fighting
 * Level 4.9 Ranged Weapons
 - Level 1.5 Dodging
 - Level 1.1 Stealth


You had 2 spell levels left.
You didn't know any spells.
Your spell library was empty.

Dungeon Overview and Level Annotations

Branches:
Dungeon (2/15)

Altars:


Innate Abilities, Weirdness & Mutations

You are immune to sickness and miasma.
Your stone body is resilient. (AC +3)
You are immune to poison.
You resist negative energy. (rN+)
You are resistant to electric shocks. (rElec)
You are resistant to unholy torment.
You are immune to petrification.


Message History

n - a scroll labelled HEKHEM CUBEO
o - a +0 scale mail
Found a stone staircase leading up.
n - 2 scrolls labelled HEKHEM CUBEO (gained 1)
A frilled lizard comes into view.
The frilled lizard hisses angrily.
You shoot an arrow.
The arrow closely misses the frilled lizard.
You shoot an arrow.
The arrow barely misses the frilled lizard.
You shoot an arrow.
The arrow barely misses the frilled lizard.
An adder comes into view.
The frilled lizard bites you but does no damage.
The adder moves out of view.
You shoot an arrow.
The arrow closely misses the frilled lizard.
You hear an angry hiss.
The frilled lizard bites you but does no damage.
You shoot an arrow.
The arrow closely misses the frilled lizard.
The frilled lizard bites you but does no damage.
You shoot an arrow. The arrow hits the frilled lizard!
You shoot an arrow. The arrow hits the adder!
The adder barely misses you.
You shoot an arrow. The arrow closely misses the adder.
The adder barely misses you. The adder bites you but does no damage.
You shoot an arrow. The arrow hits the adder!
No target in view!
An adder comes into view.
You shoot an arrow. The arrow hits the adder.
You shoot an arrow. The arrow hits the adder!
Your Fighting skill increases to level 3!
Health restored: 23 No target in view!
No target in view!
No target in view!
You see here an adder corpse.
There is a stone staircase leading up here.
You climb upwards.
There is a stone staircase leading down here.
You climb downwards.
There is a stone staircase leading up here.
Found an escape hatch in the floor.
A hobgoblin comes into view.
The hobgoblin shouts!
You see here a +0 vampiric spear {!w}.
You shoot an arrow. The arrow hits the hobgoblin.
You shoot an arrow. The arrow hits the hobgoblin!
No target in view!
No target in view!
There is a stone staircase leading up here.
You climb upwards.
There is a stone staircase leading down here.
There is a stone staircase leading down here.
You climb downwards.
There is a stone staircase leading up here.
A bat comes into view.
You shoot an arrow. The arrow closely misses the bat.
The bat hits you.
You take 1 damage, and have 22/23 hp.
You shoot an arrow. The arrow hits the bat.
No target in view!
No target in view!
HP restored.
A bat comes into view.
Health restored: 23 You shoot an arrow.
The arrow misses the bat.
You shoot an arrow. The arrow misses the bat.
The bat closely misses you. The bat hits you but does no damage.
You shoot an arrow.
The arrow hits the bat but does no damage.
The bat hits you but does no damage.
You shoot an arrow. The arrow barely misses the bat.
The bat hits you but does no damage. The bat barely misses you.
You shoot an arrow. The arrow hits the bat.
The bat hits you but does no damage. The bat closely misses you.
The bat completely misses you.
You shoot an arrow. The arrow hits the bat.
The bat hits you.
You take 1 damage, and have 22/23 hp.
You shoot an arrow. The arrow hits the bat.
No target in view!
No target in view!
You see here a bat corpse.
p - a scroll labelled KEIZOUSSOL Health restored: 23 No target in view!
An ogre comes into view. It is wielding a +0 giant club.
The ogre shouts!
Spoiler Alert: The ogre can hit for high damage in melee!
You shoot an arrow.
The arrow hits the ogre but does no damage.
You hear a bark!
A hound comes into view.
You shoot an arrow.
The arrow hits the ogre but does no damage.
The ogre barely misses you.
Spoiler Alert: The ogre can hit for high damage in melee!
You shoot an arrow. The arrow completely misses the ogre.
The ogre hits you with a +0 giant club!!
Ouch! That really hurt!
You die...

### h. #.
#.########
#.hO@....#
########.# #.# #.#
#.# #.# #.# #.#
#†# #.# #.#
#.##############.#


You could see an ogre and a hound.

Vanquished Creatures
  2 adders (D:2)
  A dart slug (D:1)
  2 endoplasms
  2 giant cockroaches (D:1)
  A goblin (D:1)
  4 hobgoblins
  3 jackals (D:1)
  A quokka (D:1)
  A ball python (D:1)
  4 bats
  2 frilled lizards
  3 kobolds
  2 rats (D:1)
28 creatures vanquished.

Vanquished Creatures (others)
  2 toadstools (D:1)
2 creatures vanquished.

Grand Total: 30 creatures vanquished

Notes
Turn   | Place    | Note
-------+----------+-------------------------------------------
     0 | D:1      | IndexError the Gargoyle Hunter began the quest for the Orb.
     0 | D:1      | Reached XP level 1. HP: 12/12 MP: 1/1
    98 | D:1      | HP: 3/12 [quokka (2)]
   206 | D:1      | Reached XP level 2. HP: 18/18 MP: 2/2
   778 | D:2      | Reached XP level 3. HP: 22/22 MP: 3/3
   864 | D:2      | Reached skill level 3 in Fighting
   936 | D:2      | Noticed an ogre
   941 | D:2      | Mangled by an ogre

Illustrated notes

Levels and vault maps discovered:
D:1:      reono_arrival_mine, layout_loops_ring, minmay_gold_behind_fungi
D:2:      layout_loops_ring, grunt_ministairs_2

Skill      XL: |  1  2  3 |
---------------+----------+-----
Fighting       | 3 |  3.0
Ranged Weapons | |  4.9
Dodging        | |  1.5
Stealth        | |  1.1

Action                     || total
---------------------------++-------
   Fire: Shortbow          ||    85
 Armour: Leather armour    ||    19
  Dodge: Dodged            ||    19

Table legend: (Time is in decaauts)
 A = Elapsed time spent in this place.
 B = Non-inter-level travel time spent in this place.
 C = Inter-level travel time spent in this place.
 D = Time resting spent in this place.
 E = Time spent auto-exploring this place.
 F = Levels seen in this place.
 G = Mean time per level.
                   A        B        C        D        E       F      G
               +--------+--------+--------+--------+--------+-----+--------+
         Total |    968 |    924 |     44 |      0 |    755 |   2 |  484.0 |
       Dungeon |    968 |    924 |     44 |      0 |    755 |   2 |  484.0 |
               +--------+--------+--------+--------+--------+-----+--------+

Top non-repeatable levels by time:
     D:1: 805 daAuts
     D:2: 162 daAuts

Table legend:
 A = Kills in this place as a percentage of kills in entire the game.
 B = Kills by you in this place as a percentage of kills by you in the entire game.
 C = Kills by friends in this place as a percentage of kills by friends in the entire game.
 D = Other kills in this place as a percentage of other kills in the entire game.
 E = Experience gained in this place as a percentage of experience gained in the entire game.
 F = Experience gained in this place divided by the number of levels of this place that you have seen.
                   A       B       C       D       E      F
               +-------+-------+-------+-------+-------+----------------------
         Total | 100.0 | 100.0 |   N/A |   N/A | 100.0 |  36.0
       Dungeon | 100.0 | 100.0 |   N/A |   N/A | 100.0 |  36.0
               +-------+-------+-------+-------+-------+----------------------
